 Dungeon Crawl Stone Soup version 0.14-a0-1689-g99b8db2 (webtiles) character file.

250 Mitsuki the Vexing (level 4, -4/30 HPs)
             Began as a Vampire Enchanter on Dec 30, 2013.
             Killed by nerve-wracking pain
             ... invoked by an orc priest
              (6 damage)
             ... on Level 3 of the Dungeon.
             The game lasted 00:14:14 (1950 turns).

Mitsuki the Vexing (Vampire Enchanter)              Turns: 1950, Time: 00:14:14

HP  -4/30        AC  3     Str  8      XL: 4   Next: 40%
MP   1/8         EV 13     Int 14 (17) God:
Gold 155         SH  0     Dex 14      Spells:  2 memorised,  4 levels left

rFire  . . .     SeeInvis +     a - +1 dagger
rCold  . . .     Clarity  .     b - +1 robe
rNeg   . . .     Conserve .     (no shield)
rPois  .         rCorr    .     (no helmet)
rElec  .         rRot     .     (no cloak)
SustAb . .       Spirit   .     (no gloves)
rMut   .         Warding  .     (no boots)
Saprov . . .     Stasis   .     (no amulet)
                                (no ring)
                                (no ring)

@: regenerating quickly, slightly resistant to hostile enchantments, quite
stealthy
A: fangs 3, see invisible, unbreathing
a: no special abilities


You were on level 3 of the Dungeon.
You were very full.

You visited 1 branch of the dungeon, and saw 3 of its levels.

You collected 155 gold pieces.

Inventory:

Hand weapons
 a - a +1,+1 dagger (weapon)
Missiles
 d - 12 darts (quivered)
Armour
 b - a +1 robe (worn)
Magical devices
 v - a wand of enslavement (15) {unknown}
Scrolls
 f - a scroll of fear {unknown}
 g - a scroll of amnesia {unknown}
 h - 2 scrolls of random uselessness {unknown}
 i - a scroll of curse armour {unknown}
 j - a scroll of curse weapon {unknown}
 k - 4 scrolls of identify {unknown}
 o - 3 scrolls of remove curse {unknown}
 q - a scroll of enchant weapon I {unknown}
 s - a scroll of enchant armour {unknown}
 t - a scroll of immolation {unknown}
Potions
 e - a potion of blood
Books
 c - a book of Maledictions

   Spells                             Type                      Level
   *Corona                            Hexes                        1
   Sure Blade                         Hexes/Charms                 2
   *Ensorcelled Hibernation           Hexes/Ice                    2
   Confuse                            Hexes                        3
   Enslavement                        Hexes                        4
   Invisibility                       Hexes                        6


   Skills:
 + Level 1.2 Short Blades
 - Level 0.7 Throwing
 + Level 3.0 Dodging
 + Level 4.7 Stealth
 + Level 2.4 Spellcasting
 + Level 5.5 Hexes
 + Level 0.4 Ice Magic


You had 4 spell levels left.
You knew the following spells:

 Your Spells              Type           Power        Failure   Level  Hunger
a - Corona                Hex            ###....      2%          1    #......
b - Ensorcelled Hibernat  Hex/Ice        #.....       12%         2    ###....


Dungeon Overview and Level Annotations

Branches:
Dungeon (3/16)

Altars:


Innate Abilities, Weirdness & Mutations

Your natural rate of healing is unusually fast.
You have razor-sharp teeth.*
You have supernaturally acute eyesight.
You can survive without breathing.*


Message History

The orc priest is lightly wounded.
The orc priest hits you with an orcish hand axe of freezing.
* * * LOW HITPOINT WARNING * * *
The orc priest freezes you.
* * * LOW HITPOINT WARNING * * *
You hit the orc priest.
The orc priest is lightly wounded.
The orc priest hits you with an orcish hand axe of freezing.
* * * LOW HITPOINT WARNING * * *
The orc priest freezes you.
* * * LOW HITPOINT WARNING * * *
You hit the orc priest.
You bite the orc priest, but do no damage.
The orc priest is moderately wounded.
The orc priest becomes somewhat translucent.
You hit the orc priest but do no damage.
The orc priest is moderately wounded.
The orc priest calls down the wrath of Beogh upon you.
Pain shoots through your body!
You die...

### #....# #....# #....##
######## #...... #### ###...<..#
#....## #.. .........# ....##
#.######## #......##########.###.
#........# #...o@.....).....[....
.........# #......##########.###.
#........# #......# #.# #.
#........# #......##########.# #.
#........# #......##.........###.
#........# #########.............
#........# #.............
......#### ##########.##...<
......###########..........##....


You could see an orc priest.

Vanquished Creatures
  4 adders
  3 giant geckos
  3 orcs (D:3)
  2 ball pythons (D:3)
  5 hobgoblins
  6 jackals
  A quokka (D:3)
  8 bats
  3 giant cockroaches
  2 giant newts
  10 goblins
  2 kobolds
  5 rats
54 creatures vanquished.

Notes
Turn   | Place    | Note
--------------------------------------------------------------
     0 | D:1      | Mitsuki, the Vampire Enchanter, began the quest for the Orb.
     0 | D:1      | Reached XP level 1. HP: 13/13 MP: 3/3
   180 | D:1      | Reached skill level 5 in Hexes
   183 | D:1      | Reached XP level 2. HP: 17/19 MP: 4/4
   303 | D:1      | Learned a level 2 spell: Ensorcelled Hibernation
   738 | D:2      | Reached XP level 3. HP: 22/24 MP: 3/6
  1491 | D:3      | HP: 1/24 [orc priest/divine providence (14)]
  1589 | D:3      | Paralysed by a potion of paralysis for 2 turns
  1746 | D:3      | Reached XP level 4. HP: 27/30 MP: 8/8
  1950 | D:3      | Killed from afar by an orc priest

Action                   |  1- 3 |  4- 6 || total
-------------------------+-------+-------++-------
Melee: Dagger            |    90 |    42 ||   132
 Cast: Ensorcelled Hiber |    18 |    11 ||    29
 Abil: End Transformatio |     1 |       ||     1
       Bat Form          |     1 |       ||     1
  Use: Potion            |     7 |       ||     7
 Stab: Sleeping          |    24 |     9 ||    33
